 Dungeon Crawl Stone Soup version 0.18-a0-1044-g2bb894f (webtiles) character file.

72 Kristof the Digger (level 4, -1/24 HPs)
             Began as a Gargoyle Earth Elementalist on Jan 11, 2016.
             Slain by a goblin
             ... wielding a +0 club
             ... led by Robin
              (5 damage)
             ... on level 2 of the Dungeon.
             The game lasted 00:08:43 (1658 turns).

Kristof the Digger (Gargoyle Earth Elementalist)    Turns: 1658, Time: 00:08:43

Health: -1/24      AC:  6    Str: 12    XL:     4   Next: 26%
Magic:  0/9        EV: 12    Int: 16    God:
Gold:   132        SH:  0    Dex: 10    Spells: 3 memorised, 3 levels left

rFire  . . .     SeeInvis .     b - 41 stones
rCold  . . .     Gourm    .     a - +0 robe
rNeg   + + .     Faith    .     (no shield)
rPois  ∞         Spirit   .     (no helmet)
rElec  +         Dismiss  .     (no cloak)
rCorr  .         Reflect  .     (no gloves)
SustAt +         Harm     .     p - +0 pair of boots
MR     .....                    (no amulet)
Stlth  ++........               s - ring of sustain attributes
                                i - ring of positive energy

@: about to teleport, very slightly contaminated, not resistant to hostile
enchantments, unstealthy
A: negative energy resistance 1, electricity resistance, unbreathing,
petrification resistance, rot immunity, AC +3
a: no special abilities


You were on level 2 of the Dungeon.
You were not hungry.

You visited 1 branch of the dungeon, and saw 2 of its levels.

You collected 132 gold pieces.

Inventory:

Hand Weapons
 k - a +0 club
 n - a +1 whip
Missiles
 b - 41 stones (in hand)
Armour
 a - a +0 robe (worn)
 p - a +0 pair of boots (worn)
Magical Staves
 h - an uncursed staff of earth
Jewellery
 i - a ring of positive energy (left hand)
 s - a ring of sustain attributes (right hand)
Wands
 e - a wand of confusion (35/48)
Scrolls
 f - a scroll of amnesia
 m - 4 scrolls of identify
 o - a scroll of fear
Potions
 q - a potion of haste
Books
 c - a book of Geomancy

   Spells                             Type                      Level
   a - Sandblast                      Earth                        1
   b - Stoneskin                      Transmutation/Earth          2
   c - Passwall                       Transmutation/Earth          3
   d - Stone Arrow                    Conjuration/Earth            3
   e - Petrify                        Transmutation/Earth          4
   f - Lee's Rapid Deconstruction     Earth                        5
Comestibles
 d - 3 bread rations
 g - 5 meat rations
 j - 4 chunks of flesh
 u - a beef jerky


   Skills:
 - Level 1.5 Dodging
 - Level 2.1 Stealth
 * Level 3.3 Spellcasting
 + Level 0.4 Conjurations
 - Level 0.7 Transmutations
 + Level 4.6 Earth Magic


You had 3 spell levels left.
You knew the following spells:

 Your Spells              Type           Power        Failure   Level  Hunger
a - Sandblast             Erth           ###...       2%          1    None
b - Stoneskin             Trmt/Erth      ##......     10%         2    ##.....
c - Stone Arrow           Conj/Erth      ##....       21%         3    ###....


Dungeon Overview and Level Annotations

Branches:
Dungeon (2/15)

Altars:
Cheibriados

Annotations:
D:2 Robin


Innate Abilities, Weirdness & Mutations

You are resistant to torment.
Your stone body is resilient (AC +3).
You are immune to poison.
You resist negative energy.
You are resistant to electric shocks.
You can survive without breathing.
You are immune to petrification.
You are immune to rotting.


Message History

Okay, then.
Unknown command.
Read which item? (? for menu, Esc to quit)
As you read the scroll of teleportation, it crumbles to dust.
You feel strangely unstable.
Robin zaps a wand.
The magic dart hits you! The goblin closely misses you.
Casting: Sandblast
Confirm with . or Enter, or press ? or * to list all spells.
You don't have enough magic to cast that spell.
Casting: Sandblast
Confirm with . or Enter, or press ? or * to list all spells.
Aiming: Sandblast
Press: ? - help, Shift-Dir - straight line, f/p - Robin
Aim: Robin, wielding a falchion, wearing an animal skin, wearing a helmet and carrying a wand of magic darts {zapped: 4} (moderately wounded)
The rocky blast hits Robin.
Robin is almost dead.
Robin zaps a wand.
The magic dart hits you!
* * * LOW HITPOINT WARNING * * *
The goblin hits you with a club.
You die...

#.#
#.............
#.#
#.............
#.#
#.............
#.#
#........<....
#.#
#.............
#.#
######'#######
#.# #.#######
#g# #........
#@# #########
#)# #g#######
#g.......
#.)........
#.#........
#.#........ #
#..###### #..#


You could see Robin, a hobgoblin (frenzied) and a goblin (frenzied).

Vanquished Creatures
  Jessica (D:2)
  An adder (D:2)
  2 worms (D:2)
  2 giant cockroaches (D:1)
  8 goblins
  3 hobgoblins
  2 jackals (D:2)
  4 kobolds
  3 bats (D:1)
  2 giant newts
  A rat (D:2)
29 creatures vanquished.

Notes
Turn   | Place    | Note
--------------------------------------------------------------
     0 | D:1      | Kristof the Gargoyle Earth Elementalist began the quest for the Orb.
     0 | D:1      | Reached XP level 1. HP: 10/10 MP: 3/3
   426 | D:1      | Reached skill level 4 in Earth Magic
   426 | D:1      | Reached XP level 2. HP: 15/15 MP: 3/5
   452 | D:1      | Learned a level 2 spell: Stoneskin
   924 | D:2      | Found a faded altar to an unknown god.
   928 | D:2      | Noticed Jessica
   939 | D:2      | Killed Jessica
   939 | D:2      | Reached XP level 3. HP: 19/19 MP: 4/7
  1012 | D:2      | Learned a level 3 spell: Stone Arrow
  1046 | D:2      | Found a snail-covered altar of Cheibriados.
  1378 | D:2      | Reached XP level 4. HP: 24/24 MP: 5/8
  1648 | D:2      | Noticed Robin
  1658 | D:2      | Slain by a goblin

Vault maps used:
D:1:      dpeg_arrival_refuge
D:2:      cheibriados_altar_1, first_bread, ecumenical_altar_1, uniq_jessica,
          uniq_robin

Action                   |  1- 3 |  4- 6 || total
-------------------------+-------+-------++-------
Melee: Whip              |     2 |       ||     2
       Staff             |     2 |       ||     2
 Cast: Sandblast         |    33 |    13 ||    46
  Use: Scroll            |     8 |     1 ||     9
  Eat: Chunk             |     2 |       ||     2
